 Dungeon Crawl Stone Soup version 0.26.0-16-gc1dbca0489 (webtiles) character file.

Game seed: 12824506151026632837

2865 kaeus the Conjurer (level 9, -13/45 HPs)
             Began as a Gargoyle Fire Elementalist on Jan 22, 2021.
             Was an Initiate of the Shining One.
             Mangled by a polar bear (15 damage)
             ... on level 8 of the Dungeon.
             The game lasted 00:12:43 (12867 turns).

kaeus the Conjurer (Gargoyle Fire Elementalist)    Turns: 12867, Time: 00:12:44

Health: -13/45     AC: 13    Str: 12    XL:     9   Next: 75%
Magic:  17/17      EV: 14    Int: 23    God:    the Shining One [......]
Gold:   487        SH:  0    Dex: 16    Spells: 13/19 levels left

rFire    + . .     SeeInvis .   o - +0 mace (distort)
rCold    . . .     Faith    .   (no shield)
rNeg     + . .     Spirit   .   D - +0 robe "Sangucing" {Int+4 Dex+6}
rPois    ∞         Reflect  .   B - +2 helmet
rElec    +         Harm     .   L - scarf {+Inv}
rCorr    .         Rampage  .   k - +1 pair of gloves
Will     .....                  (no boots)
Stlth    +.........             A - amulet of magic regeneration
HPRegen  0.15/turn              C - ring of protection from fire
MPRegen  0.40/turn              H - ring of wizardry

@: glowing
A: negative energy resistance 1, electricity resistance, unbreathing,
petrification resistance, miasma immunity, AC +6
a: Renounce Religion, Evoke Invisibility


You were on level 8 of the Dungeon.
You worshipped the Shining One.
The Shining One was noncommittal.
You visited 2 branches of the dungeon, and saw 9 of its levels.

You collected 635 gold pieces.
You spent 148 gold pieces at shops.

Inventory:

Hand Weapons
 o - a +0 mace of distortion (weapon)
Armour
 k - a +1 pair of gloves (worn)
 B - a +2 helmet (worn)
 D - the +0 robe "Sangucing" (worn) {Int+4 Dex+6}
   (You bought it in a shop on level 5 of the Dungeon)

   It affects your intelligence (+4).
   It affects your dexterity (+6).
 L - a scarf of invisibility (worn)
Jewellery
 c - an uncursed ring of positive energy
 e - an uncursed ring of resist corrosion
 q - an uncursed amulet of guardian spirit
 r - an uncursed ring of willpower
 A - an amulet of magic regeneration (around neck)
 C - a ring of protection from fire (left hand)
 H - a ring of wizardry (right hand)
 K - a +6 ring of dexterity
Wands
 y - a wand of random effects (19)
 E - a wand of polymorph (13)
 I - a wand of iceblast (9)
Scrolls
 a - a scroll of fear {unknown}
 b - 10 scrolls of identify
 f - 2 scrolls of magic mapping {unknown}
 g - 2 scrolls of enchant armour {unknown}
 h - 5 scrolls of remove curse
 l - 5 scrolls of enchant weapon {unknown}
 m - 2 scrolls of noise {unknown}
 s - 2 scrolls of random uselessness {unknown}
 u - 2 scrolls of amnesia {unknown}
 w - 5 scrolls of fog {unknown}
 z - a scroll of immolation {unknown}
 F - a scroll of teleportation {unknown}
Potions
 d - a potion of invisibility {unknown}
 i - a potion of flight {unknown}
 j - 2 potions of brilliance {unknown}
 n - 2 potions of curing
 p - a potion of might {unknown}
 t - a potion of haste {unknown}
 v - 2 potions of lignification {unknown}
 x - a potion of mutation {unknown}
 J - a potion of resistance {unknown}


   Skills:
 + Level 3.4 Maces & Flails
 + Level 3.5 Dodging
 - Level 2.4 Stealth
 + Level 5.7 Spellcasting
 + Level 7.5 Conjurations
 + Level 7.5 Fire Magic
 + Level 3.1 Evocations


You had 13 spell levels left.
You knew the following spells:

 Your Spells              Type           Power        Failure   Level
a - Foxfire               Conj/Fire      100%         1%          1
b - Fireball              Conj/Fire      20%          4%          5

Your spell library contained the following spells:

 Spells                   Type           Power        Failure   Level
 Conjure Flame            Conj/Fire      41%          1%          3
 Sticky Flame             Conj/Fire      41%          1%          4
 Inner Flame              Hex/Fire       23%          2%          3
 Animate Skeleton         Necr           12%          3%          1
 Corona                   Hex            6%           3%          1
 Pain                     Necr           24%          3%          1
 Corpse Rot               Necr/Air       N/A          5%          2
 Slow                     Hex            6%           5%          2
 Portal Projectile        Hex/Tloc       12%          11%         3
 Vampiric Draining        Necr           3%           11%         3
 Animate Dead             Necr           3%           32%         4
 Cause Fear               Hex            3%           32%         4
 Dispel Undead            Necr           6%           32%         4
 Leda's Liquefaction      Hex/Erth       3%           32%         4
 Borgnjor's Vile Clutch   Necr/Erth      3%           65%         5
 Excruciating Wounds      Necr           3%           65%         5
 Death Channel            Necr           3%           99%         6


Dungeon Overview and Level Annotations

Branches:
Dungeon (8/15)             Temple (1/1) D:7
   Lair: D:8-11

Altars:
Ashenzari
Cheibriados
Dithmenos
Elyvilon
Fedhas
Gozag
Hepliaklqana
Kikubaaqudgha
Makhleb
Nemelex Xobeh
Okawaru
Qazlal
Ru
Sif Muna
Trog
Uskayaw
Vehumet
Wu Jian
Xom
Yredelemnul
Zin
The Shining One

Shops:
D:5 [


Innate Abilities, Weirdness & Mutations

You are resistant to torment.
Your stone body is resilient. (AC +6)
You are immune to poison.
You resist negative energy. (rN+)
You are resistant to electric shocks. (rElec)
You can survive without breathing.
You are immune to petrification.
You are immune to miasma.


Message History

The polar bear claws you but does no damage.
You take 2 damage, and have 29/45 hp.
You hit the polar bear but do no damage.
Space warps horribly around the polar bear!!
The polar bear is severely wounded.
The polar bear bites you but does no damage.
The polar bear claws you but does no damage.
The polar bear misses you.
You hit the polar bear but do no damage.
Space bends around the polar bear.
The polar bear is almost dead.
The polar bear goes berserk!
You barely miss the polar bear.
The polar bear is almost dead.
The polar bear bites you!!
* * * LOW HITPOINT WARNING * * *
The polar bear barely misses you. The polar bear claws you.
* * * LOW HITPOINT WARNING * * *
The polar bear bites you!
You die...

#.........#.########.##
##.##.....#.# #.##
#####.##.....#.# #...
##...#.########'## #.#.
#.<....# ##...## #...
#......# ##.....## #...
#.....## ##.......## ##..
#......####.........####...
#........h@>^.......'......
#......####.........####...
#.....## ##.......## ##.#
##.##.#### ##.....## ###
#.......# ##...## #.......#
##'## #.......# #.#
#...8...# #.# #....)..#
##.##


You could see a polar bear (berserk).

Vanquished Creatures
  Eustachio (D:5)
  Menkaure (D:7)
  Edmund (D:5)
  A water moccasin (D:7)
  A two-headed ogre skeleton (D:7)
  3 sky beasts
  An orc warrior (D:6)
  An ice beast (D:8)
  A black bear (D:6)
  An ogre (D:8)
  2 centaurs (D:7)
  3 bullfrogs
  A scorpion (D:5)
  A wyvern skeleton (D:8)
  A howler monkey (D:6)
  3 bullfrog zombies
  4 hounds
  Crazy Yiuf (D:2)
  A bullfrog skeleton (D:7)
  3 centaur skeletons
  An iguana (D:6)
  9 orc wizards
  Natasha (thrice) (D:2)
  Ijyb (D:4)
  4 worker ants
  A hound zombie (D:5)
  A hound skeleton (D:8)
  A worker ant zombie (D:8)
  13 adders
  3 gnolls (D:8)
  A gnoll skeleton (D:8)
  A white imp (D:6)
  An ufetubus (D:7)
  An ooze (D:2)
  An iguana skeleton (D:8)
  4 worms
  4 dart slugs
  An adder simulacrum (D:8)
  7 leopard geckos
  23 orcs
  A ball python (D:5)
  11 giant cockroaches
  7 hobgoblins
  6 jackals
  11 kobolds
  3 quokkas
  12 bats
  8 frilled lizards
  15 goblins
  A goblin skeleton (D:8)
  A jackal zombie (D:5)
  3 quokka skeletons
  5 rats
  A rat zombie (D:8)
198 creatures vanquished.

Vanquished Creatures (others)
  765 foxfires
765 creatures vanquished.

Grand Total: 963 creatures vanquished

Notes
Turn   | Place    | Note
-------+----------+-------------------------------------------
     0 | D:1      | kaeus the Gargoyle Fire Elementalist began the quest for
                  | the Orb.
     0 | D:1      | Reached XP level 1. HP: 10/10 MP: 3/3
   461 | D:1      | Reached XP level 2. HP: 13/15 MP: 1/5
   904 | D:1      | Reached XP level 3. HP: 19/19 MP: 1/6
  1399 | D:2      | Found a runed translucent door.
  1400 | D:2      | Noticed Crazy Yiuf
  1605 | D:2      | Reached XP level 4. HP: 24/24 MP: 0/8
  2472 | D:2      | Noticed Natasha
  2476 | D:2      | Killed Natasha
  2477 | D:2      | Reached XP level 5. HP: 28/28 MP: 4/9
  2708 | D:2      | Killed Crazy Yiuf
  2946 | D:2      | Noticed Natasha
  2951 | D:2      | Killed Natasha
  3133 | D:2      | Noticed Natasha
  3137 | D:2      | Killed Natasha
  3585 | D:3      | Reached XP level 6. HP: 32/32 MP: 7/11
  3694 | D:3      | Found a faded altar of an unknown god.
  4273 | D:3      | Became a worshipper of Kikubaaqudgha
  4273 | D:3      | Reached * piety under Kikubaaqudgha
  4273 | D:3      | Identified Kikubaaqudgha's Volume of Black Rituals
                  | (Kikubaaqudgha gifted it to you on level 3 of the Dungeon)
  4273 | D:3      | Received a gift from Kikubaaqudgha
  4743 | D:4      | Noticed Ijyb
  4753 | D:4      | Killed Ijyb
  4909 | D:4      | Found a broken altar of Ashenzari.
  4935 | D:4      | Reached skill level 5 in Fire Magic
  4976 | D:4      | Reached ** piety under Kikubaaqudgha
  5427 | D:5      | Entered Level 5 of the Dungeon
  5430 | D:5      | Reached XP level 7. HP: 36/36 MP: 12/12
  5522 | D:5      | Reached skill level 5 in Conjurations
  5966 | D:5      | Noticed Edmund
  5992 | D:5      | Killed Edmund
  6025 | D:5      | Reached XP level 8. HP: 30/41 MP: 3/14
  6118 | D:5      | Found Manwy's Antique Armour Boutique.
  6125 | D:5      | Bought a wizard robe for 148 gold pieces
  6126 | D:5      | Noticed Eustachio
  6140 | D:4      | Identified the cursed +0 robe "Sangucing" {Int+4 Dex+6}
                  | (You bought it in a shop on level 5 of the Dungeon)
  6648 | D:5      | Killed Eustachio
  6807 | D:6      | Learned a level 5 spell: Fireball
  6999 | D:6      | Reached skill level 1 in Maces & Flails
  6999 | D:6      | Reached skill level 1 in Evocations
  7026 | D:6      | Reached *** piety under Kikubaaqudgha
  7026 | D:6      | Identified Kikubaaqudgha's Disquisition on Sinister Rites
                  | (Kikubaaqudgha gifted it to you on level 6 of the Dungeon)
  7026 | D:6      | Received a gift from Kikubaaqudgha
  7232 | D:6      | Reached skill level 5 in Spellcasting
  7511 | D:6      | Got a steaming robe
  7530 | D:6      | Identified the +0 robe of the Jabberwock {Will+ Regen+}
                  | (You found it on level 6 of the Dungeon)
  7784 | D:7      | Reached XP level 9. HP: 45/45 MP: 12/16
  7803 | D:7      | Noticed Menkaure
  7807 | D:7      | Killed Menkaure
  7890 | D:7      | Found a staircase to the Ecumenical Temple.
  7928 | Temple   | Entered the Ecumenical Temple
  8158 | Temple   | Fell from the grace of Kikubaaqudgha
  8158 | Temple   | Became a worshipper of the Shining One
 11417 | D:8      | Noticed a polar bear
 11418 | D:8      | Noticed a polar bear
 12867 | D:8      | HP: 2/45 [polar bear (6)]
 12867 | D:8      | Mangled by a polar bear

Illustrated notes

Levels and vault maps discovered:
D:1:      noname_arrival_rooms_in_the_neighbourhood, layout_basic,
          minmay_misc_feat_secret_circle, minmay_pentomino_s2
D:2:      layout_basic, uniq_crazy_yiuf_cottage, uniq_natasha
D:3:      layout_basic, chequers_ecumenical_altar_simple,
          minmay_increasing_density
D:4:      cheibrodos_greedy_goblins, layout_rooms, evilmike_ruin_ashenzari,
          uniq_ijyb
D:5:      layout_basic, serial_shops, nicolae_shop_statue_plus, serial_glass,
          glass_columns_a, glass_columns_a, minmay_strange_pillars,
          minmay_strange_pillars, item_on_display_a, st_stairs_8,
          uniq_eustachio, uniq_edmund
D:6:      layout_loops_ring
D:7:      layout_gridville, minmay_temple_entry_drinking_statues,
          hangedman_abyss_or_decor_stagger, uniq_menkaure
D:8:      layout_loops_corners, serial_ice, serial_ice_d, serial_ice_h,
          serial_ice_c, serial_ice_e
Temple:   roderic_octagonal_lattice_temple

Skill      XL: |  1  2  3  4  5  6  7  8  9 |
---------------+----------------------------+-----
Conjurations   | 2 3 4 5 6 7 |  7.5
Spellcasting   | 3 4 5 |  5.7
Fire Magic     | 4 5 6 7 |  7.5
Dodging        | 2 3 |  3.5
Maces & Flails | 1 3 |  3.4
Evocations     | 1 3 |  3.1
Stealth        | |  2.4

Action                   |  1- 3 |  4- 6 |  7- 9 || total
-------------------------+-------+-------+-------++-------
Melee: Unarmed           |    26 |       |       ||    26
       Dagger            |     7 |       |       ||     7
       Mace              |     5 |    52 |   136 ||   193
 Cast: Foxfire           |    74 |   188 |   241 ||   503
  Use: Scroll            |       |       |     4 ||     4
 Stab: Sleeping          |     1 |     1 |       ||     2
       Distracted        |     1 |       |       ||     1
Armor: Robe              |     9 |    19 |    67 ||    95
Dodge: Dodged            |    25 |    29 |    71 ||   125
